 Dungeon Crawl Stone Soup version 0.27-a0-1278-g6cbc8dfb29 (webtiles) character file.

Game seed: 12317344298444328955

193 avis the Chopper (level 5, -6/47 HPs)
             Began as a Hill Orc Monk on June 12, 2021.
             Killed by nerve-wracking pain
             ... invoked by Grinder
              (8 damage)
             ... while paralysed by Grinder
             ... on level 3 of the Dungeon.
             The game lasted 00:11:12 (3839 turns).

avis the Chopper (Hill Orc Monk)                    Turns: 3839, Time: 00:11:12

Health: -6/47      AC:  6    Str: 15      XL:     5   Next: 72%
Magic:  5/5        EV:  2    Int: 10      God:
Gold:   184        SH:  0    Dex: 11 (13) Spells: 4/4 levels left

rFire    . . .     SeeInvis .   d - +0 hand axe (vorpal)
rCold    . . .     Faith    .   (no shield)
rNeg     . . .     Spirit   .   g - +0 ring mail
rPois    .         Reflect  .   (no helmet)
rElec    .         Harm     .   j - +0 cloak
rCorr    .         Rampage  .   (no gloves)
Will     .....                  (no boots)
Stlth    +.........             (no amulet)
HPRegen  0.15/turn              (no ring)
MPRegen  0.09/turn              (no ring)

@: paralysed, hasted
A: no striking features
a: no special abilities


You were on level 3 of the Dungeon.
You visited 1 branch of the dungeon, and saw 4 of its levels.

You collected 184 gold pieces.

Inventory:

Hand Weapons
 a - a +2 vorpal spear
 c - a +0 spear
 d - a +0 vorpal hand axe (weapon)
Missiles
 f - 97 stones (quivered)
 h - 19 arrows
 l - 4 poisoned darts
Armour
 g - a +0 ring mail (worn)
 j - a +0 cloak (worn)
Scrolls
 e - a scroll of identify {unknown}
 k - a scroll of noise
 n - a scroll of amnesia {unknown}
 p - a scroll of enchant armour {unknown}
Potions
 i - a potion of haste
 o - a potion of magic


   Skills:
 + Level 4.8 Fighting
 * Level 6.4 Axes
 + Level 2.6 Armour
 - Level 2.4 Dodging
 - Level 1.5 Stealth


You had 4 spell levels left.
You didn't know any spells.
Your spell library contained the following spells:

 Spells                   Type           Power      Damage    Failure   Level
 Beastly Appendage        Tmut           0%         N/A       58%         1
 Wereblood                Tmut           0%         N/A       73%         2
 Spider Form              Tmut/Pois      0%         N/A       91%         3
 Ice Form                 Ice/Tmut       0%         N/A       100%        4


Dungeon Overview and Level Annotations

Branches:
Dungeon (4/15)
 Temple: D:4-7

Altars:

Annotations:
D:3 Grinder
D:4 Eustachio


Message History

You climb downwards.
Level annotation: Eustachio, Grinder Grinder blinks!
Eustachio asks, "How can you live without manners, virtues and honour?"
Grinder blinks!
There is a stone staircase leading up here.
Grinder gestures at you.
You barely resist.
You climb upwards.
There is a stone staircase leading down here.
You closely miss Grinder. Grinder gestures at you.
You barely resist. You closely miss Grinder. Grinder gestures at you.
You resist with significant effort.
You barely miss Grinder. Grinder closely misses you.
You closely miss Grinder. Grinder hits you.
You writhe in agony.
You hit Grinder.
Grinder is lightly wounded.
Grinder hits you!
You writhe in agony.
You closely miss Grinder.
Grinder is lightly wounded.
Grinder hits you.
You writhe in agony.
You hit Grinder.
Grinder is moderately wounded.
Grinder gestures at you. Pain shoots through your body!
* * * LOW HITPOINT WARNING * * *
You feel yourself speed up. Grinder gestures at you.
You suddenly lose the ability to move!
Grinder hits you.
* * * LOW HITPOINT WARNING * * *
You writhe in agony.
* * * LOW HITPOINT WARNING * * *
Grinder hits you but does no damage. Grinder gestures at you.
Pain shoots through your body!
You die...

#..######.########.## #.#
#..# #...........######.#
#..###
##########.........#
#....# #..######## ##.#.#
#..# #.#.# #..# #.#.# ###
#..## #.#.#
##.########...#
####.#.###.#....@5...#.#
#....#.##.###.######...#
#.####.#.## ##.#####.###
#.# #..##
##..##...######### #.#
#.#.## ##................#
#.#
#.#..###.##.#....#######.#
#†####.#.#.#>###.#.#.##
#.# †........#..####.#.#.#
#.# ###..#.#....##.....#.#
#.#


You could see Grinder.

Vanquished Creatures
  A water moccasin skeleton (D:3)
  A hound (D:3)
  A hound zombie (D:4)
  A hound skeleton (D:4)
  3 adders
  5 worms
  2 orcs (D:3)
  5 ball pythons
  4 bats
  3 endoplasms (D:2)
  3 giant cockroaches
  4 goblins
  4 hobgoblins
  4 quokkas
  A kobold (D:1)
  5 rats
47 creatures vanquished.

Notes
Turn   | Place    | Note
-------+----------+-------------------------------------------
     0 | D:1      | avis the Hill Orc Monk began the quest for the Orb.
     0 | D:1      | Reached XP level 1. HP: 19/19 MP: 1/1
   114 | D:1      | Reached XP level 2. HP: 27/27 MP: 2/2
   894 | D:2      | Reached skill level 1 in Armour
   894 | D:2      | Reached XP level 3. HP: 33/33 MP: 3/3
  1268 | D:2      | Reached skill level 5 in Axes
  1834 | D:2      | Found a faded altar of an unknown god.
  2091 | D:3      | Reached XP level 4. HP: 21/41 MP: 4/4
  2754 | D:3      | Reached XP level 5. HP: 47/47 MP: 5/5
  2911 | D:3      | Reached skill level 6 in Axes
  3236 | D:4      | Noticed Grinder
  3310 | D:4      | Noticed Eustachio
  3347 | D:4      | HP: 2/47 [river rat[Eustachio] (5)]
  3836 | D:3      | Paralysed by Grinder for 5 turns
  3837 | D:3      | HP: 2/47 [Grinder (5)]
  3839 | D:3      | Killed from afar by Grinder

Illustrated notes

Levels and vault maps discovered:
D:1:      dpeg_arrival_rooms_with_view, layout_rooms, moated_statue,
          minmay_crystal_water, minivault_24, serial_bayou_lagoon_b
D:2:      layout_loops_corners, ebering_ecumenical_altar_box
D:3:      layout_loops_ring, grunt_decor_cap
D:4:      layout_basic, kennysheep_vampire_church, doesnt_xom_only_xom,
          gammafunk_ghost_nasty_kobolds, st_stairs_1, uniq_eustachio,
          uniq_grinder

Skill      XL: |  1  2  3  4  5 |
---------------+----------------+-----
Fighting       | 4 |  4.8
Armour         | 1 2 |  2.6
Axes           | 5 6 |  6.4
Dodging        | |  2.4
Stealth        | |  1.5

Action                   |  1- 3 |  4- 6 || total
-------------------------+-------+-------++-------
Melee: Spear             |    99 |   106 ||   205
       Hand axe          |       |    29 ||    29
  Use: Potion            |       |     6 ||     6
       Scroll            |       |     2 ||     2
 Stab: Sleeping          |     2 |     1 ||     3
Armor: Robe              |     1 |       ||     1
       Ring mail         |    20 |    42 ||    62
Dodge: Dodged            |    46 |    86 ||   132

Table legend: (Time is in decaauts)
 A = Elapsed time spent in this place.
 B = Non-inter-level travel time spent in this place.
 C = Inter-level travel time spent in this place.
 D = Time resting spent in this place.
 E = Time spent auto-exploring this place.
 F = Levels seen in this place.
 G = Mean time per level.
                   A        B        C        D        E       F      G
               +--------+--------+--------+--------+--------+-----+--------+
         Total |   3833 |   3583 |    250 |   1055 |   1896 |   4 |  958.2 |
       Dungeon |   3833 |   3583 |    250 |   1055 |   1896 |   4 |  958.2 |
               +--------+--------+--------+--------+--------+-----+--------+

Top non-repeatable levels by time:
     D:3: 1578 daAuts
     D:2: 1295 daAuts
     D:1: 867 daAuts
     D:4: 92 daAuts
